 Dungeon Crawl Stone Soup version 0.21.1-1-g345015f (webtiles) character file.

175 inc the Scratcher (level 5, -20/24 HPs)
             Began as a Felid Chaos Knight on Feb 23, 2018.
             Demolished by an orc warrior
             ... wielding a +0 glaive
              (24 damage)
             ... on level 5 of the Dungeon.
             The game lasted 00:12:34 (4726 turns).

inc the Scratcher (Felid Chaos Knight)              Turns: 4726, Time: 00:12:34

Health: -20/24     AC:  8    Str:  8    XL:     5   Next: 29%
Magic:  15/15      EV: 21    Int: 15    God:    Xom [...*..]
Gold:   96         SH:  0    Dex: 18    Spells: 4/4 levels left
                                        Lives:  0   Deaths: 1

rFire    . . .     SeeInvis +     - Unarmed
rCold    + . .     Gourm    .   (shield unavailable)
rNeg     . . .     Faith    .   (armour unavailable)
rPois    +         Spirit   .   (helmet unavailable)
rElec    .         Reflect  .   (cloak unavailable)
rCorr    .         Harm     .   (gloves unavailable)
MR       +....                  (boots unavailable)
Stlth    +++.......             (no amulet)
HPRegen  0.08/turn              i - ring of magical power
MPRegen  0.14/turn              k - ring of protection from cold

@: very slightly contaminated, quick
A: very small, no armour, no weapons or thrown items, stealth, claws 1, fangs 3,
molten scales 1, thin metallic scales 1, yellow scales 1, see invisible, agile
1, carnivore, speed 1, magic resistance 1, mutation resistance 1, poison
resistance, shaggy fur 2, slow metabolism 1, sharp paws
a: Renounce Religion


You were on level 5 of the Dungeon.
You worshipped Xom.
You were a favourite toy of Xom.
You were not hungry.

You visited 1 branch of the dungeon, and saw 5 of its levels.
You also visited: Sewer.

You collected 96 gold pieces.

Inventory:

Jewellery
 i - a ring of magical power (left paw)
 k - a ring of protection from cold (right paw)
Scrolls
 c - a scroll of immolation {unknown}
 d - 4 scrolls of teleportation
 f - a scroll of fog {unknown}
 g - 3 scrolls of blinking
 h - a scroll of fear {unknown}
 l - a scroll of remove curse {unknown}
Potions
 e - 3 potions of heal wounds {unknown}
 j - a potion of ambrosia {unknown}
 m - a potion of mutation {unknown}
Comestibles
 a - 6 rations


   Skills:
 - Level 3.0 Fighting
 - Level 5.0 Dodging
 + Level 1.9 Stealth
 - Level 6.1 Unarmed Combat


You had 4 spell levels left.
You didn't know any spells.

Dungeon Overview and Level Annotations

Branches:
Dungeon (5/15)
 Temple: D:4-7

Altars:
Cheibriados
Dithmenos
Hepliaklqana
Ru
Sif Muna
Xom


Innate Abilities, Weirdness & Mutations

You cannot wear armour.
You are incapable of wielding weapons or throwing items.
Your paws allow you to move quietly. (Stealth)
You have sharp claws.
You have razor-sharp teeth.
You have supernaturally acute eyesight. (SInv)
You are carnivorous and can eat meat at any time.
You cover ground quickly.
You are covered in thick fur. (AC +2)
You have a slow metabolism.
Your sharp claws are effective at attacking unaware monsters.
You are partially covered in molten scales. (AC +2)
You are partially covered in thin metallic scales. (AC +2)
You are partially covered in yellow scales. (AC +2)
You are agile. (Dex +2)
You are resistant to hostile enchantments. (MR+)
You are somewhat resistant to further mutation.
Your system is resistant to poisons. (rPois)


Message History

The orc is moderately wounded.
The orc warrior barely misses you. The orc barely misses you.
You claw the orc warrior!
The orc warrior is moderately wounded.
The orc completely misses you. The orc warrior closely misses you.
You completely miss the orc warrior. You claw the orc warrior.
Your bite misses the orc warrior.
The orc warrior is heavily wounded.
The orc misses you.
You scratch the orc warrior.
The orc warrior is severely wounded.
The orc warrior hits you with a +0 glaive!!
Ouch! That really hurt!
* * * LOW HITPOINT WARNING * * *
The orc misses you.
Okay, then.
The orc warrior hits you from afar with a +0 glaive!!
Ouch! That really hurt!
You die...
Xom titters!

#...... #..........#
.......####..........#
............#..........#
.............#..........#
.............#..........+
.....<.......#..........###
............##.............
..........@.##.o../.o...#
...........)##..........#
#.......oo.....##.#.#...
#.....####.###.# .# #.##
#...'##≈≈###≈#.# .#


#ooo ##..#≈≈≈≈≈≈'≈#.# .# #### ###########..#≈≈≈≈≈≈'.#.# .#
.............'##≈≈###≈#.. .# .############..#### ###.. You could see an orc
warrior and an orc.

Vanquished Creatures
  A scorpion (D:4)
  An orc wizard (D:3)
  5 adders
  6 gnolls (D:3)
  An ooze (D:2)
  A worm (D:2)
  A dart slug (D:2)
  2 leopard geckos
  3 orcs
  3 ball pythons
  14 bats
  5 giant cockroaches
  10 goblins
  5 hobgoblins
  9 jackals
  A quokka (D:2)
  6 frilled lizards
  15 kobolds
  A quokka skeleton (D:4)
  9 rats
  2 plants (Sewer)
101 creatures vanquished.

Vanquished Creatures (collateral kills)
  Crazy Yiuf (D:4)
1 creature vanquished.

Grand Total: 102 creatures vanquished

Notes
Turn   | Place    | Note
-------+----------+-------------------------------------------
     0 | D:1      | inc the Felid Chaos Knight began the quest for the Orb.
     0 | D:1      | Reached XP level 1. HP: 10/10 MP: 2/2
    44 | D:1      | XOM: harmless Pois miscast
   248 | D:1      | Reached XP level 2. HP: 14/14 MP: 3/3
   458 | D:1      | XOM: mild Tmut miscast
   566 | D:1      | XOM: harmless Summ miscast
   703 | D:1      | Reached skill level 4 in Unarmed Combat
  1059 | D:2      | Reached XP level 3. HP: 17/17 MP: 4/4
  1271 | D:2      | XOM: harmless Tmut miscast
  1466 | D:2      | Reached skill level 5 in Unarmed Combat
  1466 | D:2      | Reached XP level 4. HP: 12/21 MP: 5/5
  1481 | D:2      | XOM is BORED!
  1481 | D:2      | XOM: harmless Hex miscast
  1619 | D:2      | Found a snail-covered altar of Cheibriados.
  2184 | D:3      | XOM: stealth player
  2212 | D:3      | XOM is BORED!
  2212 | D:3      | XOM: harmless Air miscast
  2359 | D:3      | XOM: divination: magic mapping
  2468 | D:3      | XOM: butterfly on damage
  2486 | D:3      | Reached XP level 5. HP: 7/24 MP: 6/6
  2491 | D:3      | XOM: give mutations
  2491 | D:3      | Gained mutation: You are partially covered in thin metallic scales. (AC +2) [Xom's grace]
  2491 | D:3      | Gained mutation: You are partially covered in molten scales. (AC +2) [Xom's grace]
  2491 | D:3      | Gained mutation: You are partially covered in yellow scales. (AC +2) [Xom's grace]
  2820 | D:3      | Found a sacrificial altar of Ru.
  2947 | D:3      | Found a shadowy altar of Dithmenos.
  3011 | D:3      | XOM: god gift: scroll labeled XUEMOXK FESOOS {god gift}
  3018 | D:3      | Reached skill level 6 in Unarmed Combat
  3050 | D:3      | XOM: give mutations
  3050 | D:3      | Gained mutation: You are agile. (Dex +2) [Xom's grace]
  3050 | D:3      | Gained mutation: Your system is resistant to poisons. (rPois) [Xom's grace]
  3050 | D:3      | Gained mutation: You are somewhat resistant to further mutation. [Xom's grace]
  3050 | D:3      | Gained mutation: You are resistant to hostile enchantments. (MR+) [Xom's grace]
  3080 | D:3      | XOM: god gift: 20 bolts
  3205 | D:4      | Found a runed door.
  3440 | D:4      | Found a hazy altar of Hepliaklqana.
  3440 | D:4      | Found a deep blue altar of Sif Muna.
  3507 | D:4      | XOM: scenery: create altars
  3606 | D:4      | XOM: divination: detect items
  3713 | D:4      | Noticed Crazy Yiuf
  3727 | D:4      | XOM: summons 5 friendly demons
  3734 | D:4      | Killed Crazy Yiuf
  3734 | D:4      | Reached skill level 5 in Dodging
  3734 | D:4      | Gained mutation: You are covered in thick fur. (AC +2) [Felid growth]
  3734 | D:4      | Reached XP level 6. HP: 14/28 MP: 7/7
  3773 | D:4      | XOM: mild Erth miscast
  3775 | D:4      | XOM: god gift: 13 gold pieces
  3810 | D:4      | XOM: scenery: create altars
  3905 | D:5      | Entered Level 5 of the Dungeon
  3905 | D:5      | Noticed an orc warrior
  3910 | D:5      | XOM: summons friendly ufetubus
  3915 | D:5      | XOM: stat loss: -1 Int (14/15)
  3916 | D:5      | Demolished by an orc warrior
  3917 | D:5      | Reached XP level 5. HP: -16/24 MP: 15/15
  3951 | D:5      | Found a glowing drain.
  3955 | Sewer    | Entered a sewer
  4221 | Sewer    | Reached skill level 1 in Stealth
  4288 | Sewer    | XOM: mild Conj miscast
  4661 | Sewer    | XOM: divination: detect creatures
  4714 | D:5      | XOM: silly message
  4726 | D:5      | Demolished by an orc warrior

Skill      XL: |  1  2  3  4  5 |
---------------+----------------+-----
Unarmed Combat | 4 5 6 |  6.1
Dodging        | 5 |  5.0
Stealth        | 1 |  1.9
Fighting       | |  3.0

Action                   |  1- 3 |  4- 6 || total
-------------------------+-------+-------++-------
Melee: Unarmed           |   124 |   263 ||   387
       Punch             |     2 |     3 ||     5
       Bite              |    15 |    31 ||    46
  Use: Potion            |     2 |       ||     2
       Scroll            |       |     4 ||     4
 Stab: Sleeping          |     1 |     5 ||     6
  Eat: Chunk             |     1 |     2 ||     3
       Ration            |       |     1 ||     1
Armor: Skin              |     6 |    13 ||    19
Dodge: Dodged            |   106 |   128 ||   234
